 Dungeon Crawl Stone Soup version 0.31-a0-640-g39d97e502b (webtiles) character file.

Game seed: 16214293917694799828

112 qw the Shooter (level 4, -7/28 HPs)
             Began as a Gargoyle Hunter on Aug 27, 2023.
             Killed by divine providence
             ... invoked by an orc priest
              (10 damage)
             ... on level 3 of the Dungeon.
             The game lasted 00:00:44 (1722 turns).

qw the Shooter (Gargoyle Hunter)                    Turns: 1722, Time: 00:00:44

Health: -7/28      AC:  8    Str: 14    XL:     4   Next: 95%
Magic:  4/4        EV: 10    Int: 10    God:
Gold:   126        SH:  0    Dex: 15    Spells: 3/3 levels left

rFire   . . .        Y - +1 shortbow
rCold   . . .        (shield currently unavailable)
rNeg    + . .        a - +0 ring mail
rPois   inf          (no helmet)
rElec   +            (no cloak)
rCorr   .            (no gloves)
SInv    .            (no boots)
Will    .....        n - amulet of faith
Stlth   +            (no ring)
HPRegen 0.24/turn    (no ring)
MPRegen 0.09/turn

%: faith
@: no status effects
A: sickness immunity, AC +3, negative energy resistance 1, electricity
resistance, torment resistance 1, petrification resistance
a: no special abilities


You were on level 3 of the Dungeon.
You visited 1 branch of the dungeon, and saw 3 of its levels.

You collected 126 gold pieces.


Innate Abilities, Weirdness & Mutations

You are immune to sickness and miasma.
Your stone body is resilient. (AC +3)
You are immune to poison.
You resist negative energy. (rN+)
You are resistant to electric shocks. (rElec)
You are resistant to unholy torment.
You are immune to petrification.


   Skills:
 - Level 3.2 Fighting
 + Level 5.5 Ranged Weapons
 - Level 1.0 Armour
 - Level 1.5 Dodging
 - Level 1.1 Stealth


You had 3 spell levels left.
You didn't know any spells.
Your spell library was empty.

Inventory:

Hand Weapons
 Y - a +1 shortbow (weapon)
Armour
 a - a +0 ring mail (worn)
Jewellery
 f - a ring of ice
 n - an amulet of faith (around neck)
Scrolls
 j - a scroll of identify
Potions
 d - a potion of curing
 h - a potion of lignification {unknown}
 l - a potion of mutation {unknown}

Dungeon Overview and Level Annotations

Branches:
Dungeon (3/15)

Altars:


Message History

You shoot an arrow. The arrow hits the orc priest.
The orc priest is moderately wounded.
The orc priest hits you but does no damage.
You shoot an arrow. The arrow hits the orc priest!
The orc priest is severely wounded.
The orc priest hits you with a +0 dagger.
You shoot an arrow.
The arrow closely misses the orc priest.
The arrow hits the orc.
The orc is almost dead.
The orc priest looks encouraged for a moment.
You shoot an arrow.
The arrow closely misses the orc priest.
The arrow hits the orc!
You kill the orc!
The orc priest hits you with a +0 dagger.
The orc priest invokes the aid of Beogh against you.
Beogh smites you!
You shoot an arrow. The arrow barely misses the orc priest.
The arrow closely misses the kobold.
The orc priest hits you but does no damage.
You shoot an arrow. The arrow barely misses the orc priest.
The arrow hits the kobold.
The kobold is moderately wounded.
The orc priest casts a cantrip, but nothing happens.
You shoot an arrow. The arrow barely misses the orc priest.
The arrow hits the kobold.
You kill the kobold!
The orc priest hits you with a +0 dagger.
You shoot an arrow.
The arrow hits the orc priest but does no damage.
The orc priest is severely wounded.
The orc priest hits you with a +0 dagger.
The orc priest hits you but does no damage.
You shoot an arrow.
The arrow hits the orc priest but does no damage.
The orc priest is severely wounded.
The orc priest mumbles some strange prayers to Beogh against you.
Beogh smites you!
You die...

?....# ..... ... ....
+###... o..
......#.######### oo
....... ....)...# '#
.......####.....##)#
....#..#........@o)#
....#.)#........####
....#..#........#
....#..+....)...#
....#.##........########
....#.##........'.......
......##........########
.#....####'######
.#..#..###.#


You could see an orc priest.

Vanquished Creatures
  2 adders (D:2)
  3 gnolls (D:2)
  A worm (D:3)
  3 dart slugs
  4 orcs (D:3)
  3 bats (D:2)
  2 endoplasms (D:1)
  4 giant cockroaches
  8 goblins
  6 hobgoblins
  2 jackals (D:2)
  3 ball pythons
  4 frilled lizards
  2 kobolds
  3 rats
50 creatures vanquished.

Notes
Turn   | Place    | Note
-------+----------+-------------------------------------------
     0 | D:1      | qw the Gargoyle Hunter began the quest for the Orb.
     0 | D:1      | Reached XP level 1. HP: 12/12 MP: 1/1
     0 | D:1      | 0 ||| qw: Version: 0.3-a-74-g0d5e918
     0 | D:1      | 0 ||| qw: Game counter: 188
     0 | D:1      | 0 ||| qw: Melee chars always use a shield: true
     0 | D:1      | 0 ||| qw: God list: Okawaru
     0 | D:1      | 0 ||| qw: Allow faded altars: false
     0 | D:1      | 0 ||| qw: Do Orc after clearing Dungeon:15 true
     0 | D:1      | 0 ||| qw: Do second Lair branch before Depths: true
     0 | D:1      | 0 ||| qw: Lair rune preference: random
     0 | D:1      | 0 ||| qw: Goals: Normal
     0 | D:1      | 0 ||| PLANNING D:1-11
    87 | D:1      | HP: 3/12 [frozen (1)]
    95 | D:1      | HP: 3/12 [hobgoblin (2)]
   157 | D:1      | Reached XP level 2. HP: 17/17 MP: 2/2
   694 | D:1      | 694 ||| UPGRADING to amulet of faith.
   699 | D:1      | 699 ||| READING scroll labelled CODOAWNEYH.
   700 | D:1      | 700 ||| READING scroll labelled PUSA AVVEFUZES.
   701 | D:1      | 701 ||| READING scroll labelled JIEX ZIDYWK.
   702 | D:1      | 702 ||| READING scroll labelled APLOEBAIT.
   703 | D:1      | 703 ||| READING scroll labelled ZULIVA ZONUTI.
   704 | D:1      | 704 ||| DROPPING scroll of butterflies.
   818 | D:2      | Reached skill level 5 in Ranged Weapons
   818 | D:2      | Reached XP level 3. HP: 21/21 MP: 3/3
   828 | D:2      | 828 ||| Stepping ~*~*~tactically~*~*~ (retreating).
   857 | D:2      | Reached skill level 3 in Fighting
   857 | D:2      | Reached XP level 4. HP: 28/28 MP: 4/4
  1565 | D:2      | 1565 ||| UPGRADING to +0 ring mail.
  1575 | D:2      | 1575 ||| DROPPING +0 leather armour.
  1576 | D:2      | 1576 ||| READING scroll labelled QILEGO MUOKOWA.
  1577 | D:2      | 1577 ||| READING scroll labelled BEOSTREYGUOMA.
  1578 | D:2      | 1578 ||| READING scroll labelled YMPUXK ESCHEUPS.
  1579 | D:2      | 1579 ||| READING scroll labelled IGOASCH LESU.
  1580 | D:2      | 1580 ||| DRINKING 2 white potions.
  1581 | D:2      | 1581 ||| DRINKING 2 coppery potions.
  1582 | D:2      | 1582 ||| READING 2 scrolls of identify.
  1582 | D:2      | 1582 ||| IDENTIFYING pink potion
  1583 | D:2      | 1583 ||| DROPPING potion of attraction.
  1615 | D:3      | 1615 ||| STAIRDANCE
  1687 | D:3      | 1687 ||| Stepping ~*~*~tactically~*~*~ (retreating).
  1695 | D:3      | Reached skill level 1 in Armour
  1710 | D:3      | HP: 5/28 [orc priest/nerve-wracking pain (6)]
  1711 | D:3      | 1711 ||| DRINKING potion of heal wounds.
  1717 | D:3      | HP: 4/28 [orc priest/divine providence (12)]
  1722 | D:3      | Killed from afar by an orc priest

Levels and vault maps discovered:
D:1:      lemuel_arrival_room, layout_loops_ring, minmay_3d_cube
D:2:      layout_basic, interstate_on_off, minmay_hexomino_c4
D:3:      layout_basic, eat_drink_and_be_merry_uskayaw,
          mainiacjoe_overflow_catwalk, corexii_corridor_pit

Skill      XL: |  1  2  3  4 |
---------------+-------------+-----
Ranged Weapons | 5 |  5.5
Fighting       | 3 |  3.2
Armour         | 1 |  1.0
Dodging        | |  1.5
Stealth        | |  1.1

Action                     |  1- 3 |  4- 6 || total
---------------------------+-------+-------++-------
   Fire: Shortbow          |    87 |    82 ||   169
    Use: Scroll            |     5 |     5 ||    10
         Potion            |       |     3 ||     3
 Armour: Leather armour    |    17 |     1 ||    18
         Ring mail         |       |     9 ||     9
  Dodge: Dodged            |    33 |    24 ||    57

Table legend:
 A = Non-vault XP
 B = Vault XP
 C = Vault XP percentage of total XP
 D = Non-vault monster count
 E = Vault monster count
 F = Vault count percentage of total count
                 A         B        C        D         E       F
            +---------+---------+-------+---------+---------+-------
      Total |     126 |      35 |  21.7 |      37 |      13 |  26.0
            +---------+---------+-------+---------+---------+-------
        D:1 |      18 |      10 |  35.7 |      11 |       6 |  35.3
        D:2 |      80 |      25 |  23.8 |      16 |       7 |  30.4
        D:3 |      28 |       0 |   0.0 |      10 |       0 |   0.0
            +---------+---------+-------+---------+---------+-------
